 Dungeon Crawl Stone Soup version 0.18.1-6-gd335043 (webtiles) character file.

1537 M4edhros the Conjurer (level 8, -8/56 HPs)
             Began as a Mummy Conjurer on May 18, 2016.
             Mangled by Menkaure (21 damage)
             ... on level 7 of the Dungeon.
             The game lasted 00:17:28 (14401 turns).

M4edhros the Conjurer (Mummy Conjurer)             Turns: 14401, Time: 00:17:29

Health: -8/56      AC:  2    Str: 12      XL:     8   Next: 56%
Magic:  8/11       EV: 13    Int: 16      God:    Xom [......]
Gold:   259        SH:  0    Dex: 16 (17) Spells: 3 memorised, 5 levels left

rFire  x . .     SeeInvis .     d - +2 hand axe (elec)
rCold  + . .     Gourm    .     a - +0 robe
rNeg   + + +     Faith    .     (no shield)
rPois  ∞         Spirit   .     (no helmet)
rElec  .         Dismiss  .     (no cloak)
rCorr  .         Reflect  .     (no gloves)
SustAt .         Harm     .     (no boots)
MR     +....                    (no amulet)
Stlth  ++........               (no ring)
                                q - +5 ring of dexterity

@: somewhat resistant to hostile enchantments, unstealthy
A: no food or potions, fire vulnerability, cold resistance 1, negative energy
resistance 3, torment resistance, unbreathing
a: Renounce Religion


You were on level 7 of the Dungeon.
You worshipped Xom.
You were a very special plaything of Xom.
You were not hungry.

You visited 2 branches of the dungeon, and saw 8 of its levels.
You also visited: Ossuary.

You collected 259 gold pieces.

Inventory:

Hand Weapons
 d - a +2 hand axe of electrocution (weapon)
 r - a +0 hand axe
Missiles
 c - 259 stones (quivered)
Armour
 a - a +0 robe (worn)
 k - a cursed -1 chain mail
 m - a +2 buckler
Jewellery
 q - a +5 ring of dexterity (left hand)
Wands
 l - a wand of iceblast (3/15)
Scrolls
 e - a scroll of fog {unknown}
 f - a scroll of noise {unknown}
 g - a scroll of blinking {unknown}
 h - 2 scrolls of teleportation {unknown}
 i - a scroll of recharging {unknown}
 j - 2 scrolls of magic mapping {unknown}
 n - a scroll of identify {unknown}
 o - a scroll of enchant armour {unknown}
 p - a scroll of enchant weapon {unknown}
Books
 b - a book of Conjurations

   Spells                             Type                      Level
   a - Magic Dart                     Conjuration                  1
   b - Searing Ray                    Conjuration                  2
   c - Dazzling Spray                 Conjuration/Hexes            3
   d - Fulminant Prism                Conjuration/Hexes            4
   e - Iskenderun's Mystic Blast      Conjuration                  4
   f - Iskenderun's Battlesphere      Conjuration/Charms           5
Miscellaneous
 s - a lamp of fire (inert)


   Skills:
 + Level 2.0 Fighting
 + Level 5.8 Axes
 + Level 2.1 Dodging
 - Level 1.5 Stealth
 - Level 2.0 Spellcasting
 * Level 7.1 Conjurations


You had 5 spell levels left.
You knew the following spells:

 Your Spells              Type           Power        Failure   Level  Hunger
a - Magic Dart            Conj           ###.         1%          1    N/A
b - Dazzling Spray        Conj/Hex       ##......     14%         3    N/A
c - Searing Ray           Conj           ###...       1%          2    N/A

Dungeon Overview and Level Annotations

Branches:
Dungeon (7/15)             Temple (1/1) D:7

Altars:
Ashenzari
Cheibriados
Dithmenos
Fedhas
Gozag
Kikubaaqudgha
Nemelex Xobeh
Okawaru
Pakellas
Qazlal
Trog
Vehumet
Xom
Yredelemnul
Zin
The Shining One

Shops:
D:4 }

Annotations:
D:7 Menkaure


Innate Abilities, Weirdness & Mutations

You do not eat or drink.
Your flesh is vulnerable to fire.
You are immune to poison.
Your flesh is cold resistant.
You are immune to negative energy.
You are immune to unholy pain and torment.
You can survive without breathing.


Message History

Cast which spell? (? or * to list)
Okay, then.
Cast which spell? (? or * to list)
Aiming: Dazzling Spray
Press: ? - help, Shift-Dir - straight line, f/p - Menkaure
Aim: Menkaure (fast) Really fire towards your fire elemental?
Okay, then.
Casting: Dazzling Spray
Confirm with . or Enter, or press ? or * to list all spells.
Okay, then.
Casting: Dazzling Spray
Confirm with . or Enter, or press ? or * to list all spells.
Aiming: Dazzling Spray
Press: ? - help, Shift-Dir - straight line, f/p - Menkaure
Aim: Menkaure (fast)
The spray of energy hits Menkaure.
Menkaure is moderately damaged.
Menkaure hits you!!
You die...

#.# ##.......#####.#.#.#
#..##..#(....# ##M..##
#........[..g#
###.....##
#.#.#.#(#.#..#
#§...!...#
#%....(......#
#§#.....##
.#.#.......#.##
#§##...## ..$..........#
#E###.##
...#...>...#.####M###.#
...)............@...#..
#..#.......#.####.#.#.#$
##...........# #.#..# #<
...#.#.#.#.#.# #.# #.#
.#...........# #<# #.#
#M..........####.# .#
..........#.....>.# #
##.######.##.######
#.######.#...####


You could see Menkaure and a friendly fire elemental.

Vanquished Creatures
  Grinder (D:4)
  A water moccasin (D:7)
  An orc warrior (D:6)
  An ogre (D:4)
  A centaur (D:7)
  Blork the orc (D:5)
  2 giant frogs (D:6)
  A scorpion (D:4)
  2 howler monkeys (D:6)
  A crimson imp (D:6)
  2 jellies
  A centaur zombie (D:6)
  3 hounds
  An orc priest (D:5)
  An iguana (D:7)
  Terence (D:2)
  2 worker ants
  3 big kobold zombies (Ossuary)
  A mummy (Ossuary)
  4 adders
  7 gnolls
  A shadow imp (D:6)
  An ooze (D:1)
  An adder skeleton (D:4)
  2 worms (D:2)
  2 dart slugs (D:1)
  3 giant geckos
  5 orcs (D:6)
  4 spectral bats (Ossuary)
  A ball python (D:1)
  5 giant cockroaches
  7 goblins
  2 hobgoblins (D:1)
  2 jackals (D:2)
  A quokka (D:4)
  2 bats (D:1)
  4 bat simulacra (Ossuary)
  4 giant newts
  9 gnoll zombies (Ossuary)
  4 goblin simulacra (Ossuary)
  5 goblin zombies (Ossuary)
  6 hobgoblin zombies (Ossuary)
  2 jackal skeletons
  A jackal zombie (D:5)
  3 kobolds
  3 kobold simulacra (Ossuary)
  5 kobold zombies (Ossuary)
  2 orc zombies (Ossuary)
  A quokka skeleton (D:6)
  3 rats
  3 rat simulacra (Ossuary)
  3 spectral goblins (Ossuary)
  2 spectral kobolds (Ossuary)
  2 spectral rats (Ossuary)
139 creatures vanquished.

Notes
Turn   | Place    | Note
--------------------------------------------------------------
     0 | D:1      | M4edhros the Mummy Conjurer began the quest for the Orb.
     0 | D:1      | Reached XP level 1. HP: 13/13 MP: 3/3
   119 | D:1      | Reached XP level 2. HP: 8/19 MP: 1/5
   300 | D:1      | Reached skill level 1 in Axes
   730 | D:1      | Reached XP level 3. HP: 24/24 MP: 0/6
  1010 | D:2      | Noticed Terence
  1089 | D:2      | Learned a level 3 spell: Dazzling Spray
  1125 | D:2      | Killed Terence
  1125 | D:2      | Reached skill level 4 in Conjurations
  1125 | D:2      | Reached XP level 4. HP: 30/30 MP: 0/7
  1859 | D:4      | Noticed Grinder
  1873 | D:4      | Killed Grinder
  1873 | D:4      | Reached skill level 5 in Conjurations
  1873 | D:4      | Reached XP level 5. HP: 17/35 MP: 2/8
  1873 | D:4      | Reached XP level 6. HP: 20/41 MP: 2/9
  2320 | D:4      | Found Velaat's Gadget Boutique.
  2687 | D:4      | Learned a level 2 spell: Searing Ray
  2696 | D:4      | Reached XP level 7. HP: 33/46 MP: 1/10
  2979 | D:5      | Entered Level 5 of the Dungeon
  3444 | D:5      | Noticed Blork the orc
  3469 | D:5      | Killed Blork the orc
  4252 | D:5      | HP: 1/46 [orc warrior/war axe (20)]
  4620 | D:6      | Found a sand-covered staircase.
  4624 | Ossuary  | Entered an ossuary
  5092 | Ossuary  | Reached skill level 6 in Conjurations
  5292 | Ossuary  | Reached skill level 5 in Axes
  5518 | D:6      | Found a bloodstained altar of Trog.
  5818 | D:6      | Reached XP level 8. HP: 31/52 MP: 11/11
  6620 | D:6      | Reached skill level 1 in Fighting
  6911 | D:7      | Found a staircase to the Ecumenical Temple.
  6921 | D:7      | Reached skill level 7 in Conjurations
  6930 | Temple   | Entered the Ecumenical Temple
  6938 | Temple   | Became a worshipper of Xom of Chaos
  7064 | Temple   | XOM is BORED!
  7064 | Temple   | XOM: harmless Divn miscast
  7570 | Temple   | XOM: god gift: hand axe {god gift}
  7675 | Temple   | XOM: divination: detect creatures
  8801 | Temple   | XOM: god gift: lamp of fire
  9040 | Temple   | XOM is BORED!
  9040 | Temple   | XOM: silly message
  9053 | Temple   | XOM: harmless Chrm miscast
  9451 | Temple   | XOM: medium Summ miscast
 10266 | Temple   | XOM is BORED!
 10611 | Temple   | XOM: harmless Trmt miscast
 10755 | Temple   | XOM: medium Fire miscast
 10853 | Temple   | XOM: harmless Hex miscast
 11730 | Temple   | XOM: mild Hex miscast
 11907 | Temple   | XOM: 5-stop teleportation journey
 12023 | Temple   | XOM: stat loss: -1 Dex (16/17)
 12713 | Temple   | XOM: 3-stop teleportation journey
 12777 | Temple   | XOM is BORED!
 12777 | Temple   | XOM: noise
 12984 | Temple   | XOM: mild Air miscast
 13289 | Temple   | XOM: summons 2 hostile demons
 13290 | Temple   | Noticed a smoke demon
 13509 | Temple   | XOM: harmless Necr miscast
 13561 | Temple   | XOM: medium Tloc miscast
 13572 | D:7      | XOM is BORED!
 13572 | D:7      | XOM: summons 2 hostile shadow creatures
 14327 | Temple   | XOM: noise
 14331 | Temple   | XOM: summons 4 hostile demons
 14332 | Temple   | Noticed an orange demon
 14342 | D:7      | HP: 2/56 [iguana (11)]
 14362 | D:7      | XOM: polymorph adder -> goblin
 14368 | D:7      | Noticed Menkaure
 14375 | D:7      | XOM: mild Erth miscast
 14401 | D:7      | Mangled by Menkaure

Skill      XL: |  1  2  3  4  5  6  7  8 |
---------------+-------------------------+-----
Axes           | 1 3 4 5 |  5.8
Conjurations   | 4 5 6 7 |  7.1
Fighting       | 2 |  2.0
Dodging        | 2 |  2.1
Stealth        | |  1.5
Spellcasting   | |  2.0

Action                   |  1- 3 |  4- 6 |  7- 9 || total
-------------------------+-------+-------+-------++-------
Melee: Hand axe          |    27 |    64 |   228 ||   319
       Unarmed           |     3 |       |       ||     3
 Cast: Magic Dart        |    42 |       |     2 ||    44
       Dazzling Spray    |     1 |     8 |    15 ||    24
       Searing Ray       |       |     1 |     9 ||    10
Evoke: Wand              |       |       |     3 ||     3
       Lamp of fire      |       |       |     1 ||     1
 Stab: Sleeping          |     1 |     2 |     7 ||    10
       Invisible         |       |     2 |     3 ||     5
Armor: Robe              |     9 |     7 |    29 ||    45
Dodge: Dodged            |    13 |    43 |   184 ||   240
